 Dungeon Crawl Stone Soup version 0.28-b1-70-g80dc712255 (webtiles) character file.

Game seed: 12882083429791107720

1162 pkoi the Conjurer (level 8, -11/55 HPs)
             Began as a White Draconian Conjurer on Feb 4, 2022.
             Was an Initiate of Vehumet.
             Killed by divine providence
             ... invoked by an orc priest
              (12 damage)
             ... on level 7 of the Dungeon.
             The game lasted 00:07:49 (4816 turns).

pkoi the Conjurer (White Draconian Conjurer)        Turns: 4816, Time: 00:07:50

Health: -11/55     AC:  6    Str: 10      XL:     8   Next: 17%
Magic:  5/12       EV: 16    Int: 20 (21) God:    Vehumet [......]
Gold:   293        SH:  0    Dex:  8 (9)  Spells: 3/13 levels left

rFire   . . .      SeeInvis .   a - +2 dagger (venom)
rCold   + + .      Faith    .   (no shield)
rNeg    . . .      Spirit   .   (armour unavailable)
rPois   .          Reflect  .   (helmet restricted)
rElec   .          Harm     .   (no cloak)
rCorr   .          Rampage  .   (no gloves)
Will    .....                   (no boots)
Stlth   +.........              c - amulet of magic regeneration
HPRegen 0.18/turn               b - ring of protection from cold
MPRegen 0.53/turn               j - +4 ring of evasion

@: no status effects
A: breathe frost, AC +6, unfitting armour, cold resistance 1, cold-blooded,
deterioration 1, frail 1
a: Breathe Frost, Renounce Religion


You were on level 7 of the Dungeon.
You worshipped Vehumet.
Vehumet was noncommittal.
You visited 2 branches of the dungeon, and saw 8 of its levels.

You collected 293 gold pieces.

Inventory:

Hand Weapons
 a - a +2 dagger of venom (weapon)
Jewellery
 b - a ring of protection from cold (left hand)
 c - an amulet of magic regeneration (around neck)
 j - a +4 ring of evasion (right hand)
Scrolls
 d - a scroll of immolation {unknown}
 h - 3 scrolls of fog
 p - a scroll of fear
Potions
 i - a potion of curing
 k - a potion of lignification
 l - a potion of magic
 m - a potion of might


   Skills:
 + Level 2.9 Fighting
 + Level 3.0 Dodging
 - Level 1.7 Stealth
 - Level 3.0 Spellcasting
 + Level 7.6 Conjurations
 + Level 3.6 Translocations
 + Level 2.1 Air Magic
 + Level 2.2 Poison Magic


You had 3 spell levels left.
You knew the following spells:

 Your Spells              Type           Power      Damage    Failure   Level
a - Magic Dart            Conj           100%       1d8       1%          1
b - Searing Ray           Conj           66%        2d6       1%          2
c - Iskenderun's Mystic   Conj/Tloc      25%        2d7       14%         4
d - Apportation           Tloc           34%        N/A       3%          1
e - Poisonous Vapours     Pois/Air       24%        N/A       9%          2

Your spell library contained the following spells:

 Spells                   Type           Power      Damage    Failure   Level
 Sting                    Tmut/Pois      28%        1d4       9%          1
 Dazzling Flash           Conj/Hex       36%        N/A       9%          3
 Slow                     Hex            12%        N/A       14%         1
 Swiftness                Air            11%        N/A       17%         3
 Ensorcelled Hibernation  Hex/Ice        6%         N/A       22%         2
 Passwall                 Tmut/Erth      2%         N/A       22%         2
 Spider Form              Tmut/Pois      7%         N/A       26%         3
 Confusing Touch          Hex            3%         N/A       38%         3
 Vampiric Draining        Necr           3%         2d6       38%         3
 Fulminant Prism          Conj/Hex       9%         3d7       28%         4
 Olgreb's Toxic Radiance  Pois           12%        N/A       50%         4
 Anguish                  Hex/Necr       1%         N/A       80%         4
 Alistair's Intoxication  Tmut/Pois      4%         N/A       94%         5
 Agony                    Necr           3%         N/A       98%         5
 Disjunction              Tloc           8%         N/A       100%        8


Dungeon Overview and Level Annotations

Branches:
Dungeon (8/15)             Temple (1/1) D:4
   Lair: D:8-11

Altars:
Ashenzari
Dithmenos
Fedhas
Kikubaaqudgha
Makhleb
Nemelex Xobeh
Okawaru
Ru
Sif Muna
Trog
Vehumet
Xom
Yredelemnul
Jiyva

Annotations:
D:3 1 runed translucent door, pkoi's ghost, amateur DrAE
D:5 1 transporter, vvl's ghost, novice DsFE


Innate Abilities, Weirdness & Mutations

You can breathe waves of freezing cold which knock back foes.
Your icy white scales are hard. (AC +6)
You cannot fit into any form of body armour.
Your flesh is cold resistant. (rC+)
You are cold-blooded and may be slowed by cold attacks.
Your body sometimes deteriorates upon taking damage.
You are frail. (-10% HP)


Message History

Vehumet accepts your kill.
You finish channelling your searing ray.
The orc warrior completely misses you.
You feel your intelligence returning.
Unknown command.
Casting: Searing Ray (safe; 1% risk of failure)
Confirm with . or Enter, or press ? or * to list all spells.
Aiming: Searing Ray (safe; 1% risk of failure)
Press: ? - help, Shift-Dir - straight line, f/p - orc warrior
Aim: an orc warrior, wielding a +0 war axe and wearing a +0 plate armour (moderately wounded, 81% to hit)
The searing ray hits the orc warrior.
The orc warrior is moderately wounded. (Press . to maintain the ray.)
The orc warrior hits you with a +0 war axe!
* * * LOW HITPOINT WARNING * * *
The searing ray hits the orc warrior.
The orc warrior is heavily wounded.
The searing ray hits the orc.
The orc is almost dead.
The orc warrior hits you with a +0 war axe!
* * * LOW HITPOINT WARNING * * *
The searing ray hits the orc warrior.
The orc warrior is heavily wounded.
The searing ray hits the orc.
The orc is heavily wounded.
The searing ray hits the orc but does no damage.
The orc is almost dead.
The orc warrior hits you with a +0 war axe!
* * * LOW HITPOINT WARNING * * *
Your body deteriorates!
You feel clumsy.
The searing ray hits the orc warrior.
The orc warrior is heavily wounded.
The searing ray hits the orc.
The orc is severely wounded.
You finish channelling your searing ray.
The orc warrior hits you with a +0 war axe!!
* * * LOW HITPOINT WARNING * * *
The orc priest invokes the aid of Beogh against you.
Beogh smites you!
You die...

#.........#.#
#.....†.....# #.#
.....#......## #.#
.....#.......# #.#
.....#.....#(# #.#
.....#.....#.###.#
######.....#..##.######.
.....)..................
..####.....##..#@####
..# #.....###.#o# ..#
#..(..# #.oo#####
..########## #...o...#
.......# #..)....#
.......# #.......#
.......# #.......#
........ ....>...#
........ #........#


You could see an orc warrior, an orc priest and 2 orcs.

Vanquished Creatures
  A meliai zombie (D:7)
  2 black bears
  An ogre (D:4)
  A centaur (D:7)
  Blork the orc (D:4)
  A bullfrog (D:7)
  A wyvern skeleton (D:7)
  A water moccasin zombie (D:5)
  A water moccasin skeleton (D:4)
  3 jellies
  A hound (D:7)
  An orc priest (D:7)
  Terence (D:3)
  An orc wizard (D:4)
  7 adders
  A shadow imp (D:7)
  An adder zombie (D:5)
  2 worms (D:2)
  4 dart slugs
  6 orcs
  3 bats
  7 endoplasms
  A giant cockroach (D:1)
  3 goblins
  6 hobgoblins
  11 kobolds
  3 quokkas
  7 ball pythons
  3 frilled lizards
  6 rats
88 creatures vanquished.

Notes
Turn   | Place    | Note
-------+----------+-------------------------------------------
     0 | D:1      | pkoi the Draconian Conjurer began the quest for the Orb.
     0 | D:1      | Reached XP level 1. HP: 14/14 MP: 3/3
   129 | D:1      | Reached XP level 2. HP: 8/20 MP: 5/5
   595 | D:1      | Got the Reference Book on Quantum Sinister Secrets
   599 | D:1      | Learned a level 2 spell: Searing Ray
   752 | D:1      | Reached skill level 5 in Conjurations
   913 | D:1      | Found a faded altar of an unknown god.
   977 | D:2      | Reached XP level 3. HP: 26/26 MP: 4/6
  1322 | D:2      | Reached XP level 4. HP: 33/33 MP: 5/7
  1660 | D:3      | Learned a level 4 spell: Iskenderun's Mystic Blast
  1775 | D:3      | Reached skill level 6 in Conjurations
  1850 | D:3      | Noticed Terence
  2171 | D:3      | Killed Terence
  2172 | D:3      | Reached XP level 5. HP: 38/38 MP: 5/8
  2240 | D:3      | Found a runed translucent door.
  2248 | D:3      | Noticed pkoi's ghost (amateur DrAE)
  2555 | D:4      | Noticed Blork the orc
  2583 | D:4      | Killed Blork the orc
  2584 | D:4      | Reached skill level 1 in Translocations
  2798 | D:4      | Reached XP level 6. HP: 42/45 MP: 5/10
  2895 | D:4      | Learned a level 1 spell: Apportation
  2932 | D:4      | Found a staircase to the Ecumenical Temple.
  2939 | Temple   | Entered the Ecumenical Temple
  3070 | Temple   | Became a worshipper of Vehumet
  3227 | D:4      | Reached skill level 7 in Conjurations
  3234 | D:4      | Found a bloodstained altar of Trog.
  3462 | D:4      | Reached skill level 1 in Fighting
  3462 | D:4      | Your scales start taking on an icy white colour.
  3462 | D:4      | Reached XP level 7. HP: 30/52 MP: 4/11
  3462 | D:4      | Gained mutation: Your flesh is cold resistant. (rC+) [White
                  | Draconian growth]
  3857 | D:4      | Learned a level 2 spell: Poisonous Vapours
  3881 | D:5      | Entered Level 5 of the Dungeon
  3934 | D:5      | Noticed vvl's ghost (novice DsFE)
  3962 | D:5      | Found a transporter.
  4051 | D:5      | Gained mutation: Your body sometimes deteriorates upon
                  | taking damage. [potion of mutation]
  4051 | D:5      | Gained mutation: You are frail. (-10% HP) [potion of
                  | mutation]
  4166 | D:5      | Reached skill level 1 in Poison Magic
  4194 | D:5      | Found a shadowy altar of Dithmenos.
  4222 | D:5      | You fall into a shaft and drop 3 floors!
  4314 | D:7      | Reached skill level 1 in Air Magic
  4716 | D:7      | Reached XP level 8. HP: 46/55 MP: 6/12
  4816 | D:7      | HP: 1/55 [orc warrior (19)]
  4816 | D:7      | Killed from afar by an orc priest

Illustrated notes

Levels and vault maps discovered:
D:1:      lemuel_arrival_funnel, layout_rooms,
          dreamdust_ecumenical_altar_sealed_demon
D:2:      layout_basic, solitary_fountain, minmay_misc_feat_chi,
          minmay_increasing_density
D:3:      layout_basic, ebering_ghost_sewer_d, glass_columns_b, uniq_terence
D:4:      layout_loops_corners, lemuel_tele_altar,
          minmay_temple_entry_offerings, grunt_ministairs_3, minivault_1,
          uniq_blork_the_orc
D:5:      layout_cave_pools, mainiacjoe_overflow_brackets,
          gammafunk_ghost_stat_death
D:7:      layout_basic, mainiacjoe_overflow_tiny_flanked,
          nicolae_uskayaw_en_pointe, lemuel_crystal_altar, minmay_between
D:8:      layout_layer_cave, general_overflow_altar, david_lair_shrubbed,
          serial_shops, nicolae_shop_statue_plus, uniq_erica
Temple:   pf_slime_end_temple

Skill      XL: |  1  2  3  4  5  6  7  8 |
---------------+-------------------------+-----
Conjurations   | 5 6 7 |  7.6
Translocations | 1 2 3 |  3.6
Spellcasting   | 3 |  3.0
Fighting       | 1 2 |  2.9
Dodging        | 2 3 |  3.0
Poison Magic   | 2 |  2.2
Air Magic      | 1 2 |  2.1
Stealth        | |  1.7

Action                   |  1- 3 |  4- 6 |  7- 9 || total
-------------------------+-------+-------+-------++-------
Melee: Dagger            |    14 |     6 |     2 ||    22
       Tailslap          |     3 |     2 |       ||     5
       Unarmed           |     1 |       |       ||     1
 Cast: Magic Dart        |    71 |    75 |    33 ||   179
       Searing Ray       |       |     5 |    14 ||    19
  Use: Scroll            |       |       |     7 ||     7
       Potion            |       |       |     6 ||     6
 Stab: Sleeping          |       |     2 |       ||     2
Armor: Skin              |     4 |     5 |     9 ||    18
Dodge: Dodged            |    12 |    22 |    27 ||    61
